 Dungeon Crawl Stone Soup version 0.28.0-53-g5a82cb258f (webtiles) character file.

Game seed: 14171393451799756143

210 Sin92 the Skirmisher (level 5, -4/42 HPs)
             Began as a Demonspawn Fighter on July 12, 2022.
             Killed from afar by Blork the orc (8 damage)
             ... with a magic dart
             ... on level 4 of the Dungeon.
             The game lasted 00:03:37 (3262 turns).

Sin92 the Skirmisher (Demonspawn Fighter)           Turns: 3262, Time: 00:03:37

Health: -4/42      AC:  6    Str: 18    XL:     5   Next: 56%
Magic:  5/5        EV: 13    Int: 12    God:
Gold:   1353       SH:  5    Dex: 14    Spells: 4/4 levels left

rFire   . . .      SeeInvis .   a - +1 war axe
rCold   . . .      Faith    .   c - +0 buckler
rNeg    . . .      Spirit   .   b - +0 scale mail
rPois   .          Reflect  .   (no helmet)
rElec   .          Harm     .   (no cloak)
rCorr   .          Rampage  .   (no gloves)
Will    +....      Rage     1%  (no boots)
Stlth   ..........              (no amulet)
HPRegen 0.14/turn               h - +4 ring of evasion
MPRegen 0.09/turn               l - ring of willpower

@: mighty
A: claws 1, powered by pain 2, big brain 1, agile 1, berserk 1
a: no special abilities


You were on level 4 of the Dungeon.
You visited 1 branch of the dungeon, and saw 4 of its levels.

You collected 1353 gold pieces.

Inventory:

Hand Weapons
 a - a +1 war axe (weapon)
Missiles
 g - 2 throwing nets (quivered)
Armour
 b - a +0 scale mail (worn)
 c - a +0 buckler (worn)
Jewellery
 h - a +4 ring of evasion (left claw)
 l - a ring of willpower (right claw)
 n - a ring of ice
 o - a ring of flight
Scrolls
 f - a scroll of teleportation
Potions
 e - a potion of mutation
 i - a potion of heal wounds
 j - 2 potions of curing {unknown}


   Skills:
 + Level 3.9 Fighting
 * Level 3.6 Axes
 + Level 3.5 Armour
 + Level 3.4 Shields


You had 4 spell levels left.
You didn't know any spells.
Your spell library contained the following spells:

 Spells                   Type           Power      Damage    Failure   Level
 Corpse Rot               Necr/Air       0%         N/A       90%         2
 Poisonous Vapours        Pois/Air       0%         N/A       90%         2


Dungeon Overview and Level Annotations

Branches:
Dungeon (4/15)
 Temple: D:4-7

Altars:
Uskayaw

Annotations:
D:4 Blork the orc


Innate Abilities, Weirdness & Mutations

You have sharp fingernails.
You sometimes gain power by taking damage.
You have an unusually large brain. (Int +2)
You are agile. (Dex +2)
You tend to lose your temper in combat.


Message History

You hit Blork the orc.
Blork the orc is lightly wounded.
Blork the orc barely misses you. Blork the orc misses you.
You hit Blork the orc.
Blork the orc is moderately wounded.
Blork the orc hits you but does no damage.
Blork the orc completely misses you.
Unknown command.
You hit Blork the orc.
Blork the orc is moderately wounded.
Blork the orc hits you with a +0 flail.
Blork the orc screams, "Die!"
Blork the orc misses you.
You are too injured to fight recklessly!
Unknown command.
You are too injured to fight recklessly!
Unknown command.
You feel very mighty all of a sudden.
Blork the orc points at you and mumbles some strange words.
You block the puff of flame. Blork the orc misses you.
You slash Blork the orc!
Blork the orc is severely wounded.
Blork the orc gestures at you while chanting.
The magic dart hits you.
Blork the orc gestures at you while chanting.
The magic dart hits you!
* * * LOW HITPOINT WARNING * * *
You barely miss Blork the orc.
Blork the orc is severely wounded.
Blork the orc hits you with a +0 flail.
* * * LOW HITPOINT WARNING * * *
Blork the orc misses you.
Unknown command.
You slash Blork the orc!
Blork the orc is almost dead.
You block Blork the orc's attack.
Blork the orc screams, "I don't like you!"
Blork the orc points at you and mumbles some strange words.
The magic dart hits you!
You die...

#......##.###
#...........#
#......##.#.#
#......##.#.#
#......##.#.#
#..###.##.#†#
#..# ..#.#.#
# #..#.#.#.#
#)..@..#
#.#.#o###
#.#J# # #.#
..# ... ###


You could see Blork the orc (fast) and an endoplasm.

Vanquished Creatures
  A centaur zombie (D:3)
  An orc priest (D:3)
  An iguana (D:3)
  4 gnolls (D:3)
  2 adders (D:3)
  A worm (D:3)
  3 orcs (D:3)
  3 bats
  3 endoplasms
  A giant cockroach (D:1)
  3 goblins
  8 hobgoblins
  12 jackals
  5 kobolds
  2 quokkas (D:4)
  2 ball pythons (D:3)
  4 frilled lizards
  5 rats
61 creatures vanquished.

Vanquished Creatures (others)
  13 plants (D:3)
13 creatures vanquished.

Grand Total: 74 creatures vanquished

Notes
Turn   | Place    | Note
-------+----------+-------------------------------------------
     0 | D:1      | Sin92 the Demonspawn Fighter began the quest for the Orb.
     0 | D:1      | Reached XP level 1. HP: 18/18 MP: 1/1
   492 | D:1      | Gained mutation: You have an unusually large brain. (Int
                  | +2) [demonic ancestry]
   492 | D:1      | Reached XP level 2. HP: 24/24 MP: 2/2
   695 | D:1      | You fall into a shaft and drop 1 floor!
   820 | D:1      | Found a faded altar of an unknown god.
   820 | D:1      | Noticed a blizzard demon
  1165 | D:2      | Gained mutation: You have sharp fingernails. [demonic
                  | ancestry]
  1165 | D:2      | Reached XP level 3. HP: 29/29 MP: 3/3
  1545 | D:2      | Identified a scroll of acquirement
  1545 | D:2      | Acquired 1283 gold pieces
  1630 | D:3      | Gained mutation: You sometimes gain a little power by
                  | taking damage. [demonic ancestry]
  1630 | D:3      | Reached XP level 4. HP: 29/35 MP: 4/4
  2165 | D:3      | Gained mutation: You sometimes gain power by taking damage.
                  | [demonic ancestry]
  2165 | D:3      | Reached XP level 5. HP: 27/42 MP: 5/5
  2661 | D:3      | Found a hide-covered altar of Uskayaw.
  3172 | D:4      | Gained mutation: You are agile. (Dex +2) [potion of
                  | mutation]
  3172 | D:4      | Gained mutation: You tend to lose your temper in combat.
                  | [potion of mutation]
  3250 | D:4      | Noticed Blork the orc
  3262 | D:4      | Killed from afar by Blork the orc

Illustrated notes

Levels and vault maps discovered:
D:1:      doesnt_arrival_eight_statues, layout_loops_ring,
          dreamdust_ecumenical_altar_sealed_demon
D:2:      layout_basic
D:3:      layout_basic, mainiacjoe_overflow_concentric_impassable,
          serial_bayou_lagoon_a, grunt_ministairs_10
D:4:      layout_loops_ring, nicolae_overflow_hidden_temple,
          minmay_temple_entry_proselytizer, uniq_blork_the_orc

Skill      XL: |  1  2  3  4 |
---------------+-------------+-----
Axes           | 2 3 |  3.6
Armour         | 3 |  3.5
Shields        | 3 |  3.4
Fighting       | |  3.9

Action                   |  1- 3 |  4- 6 || total
-------------------------+-------+-------++-------
Melee: War axe           |    79 |   100 ||   179
  Use: Scroll            |     5 |     1 ||     6
       Potion            |       |     2 ||     2
Armor: Scale mail        |    29 |    31 ||    60
Dodge: Dodged            |    52 |    91 ||   143
Block: Buckler           |    19 |    35 ||    54
